 Dungeon Crawl Stone Soup version 0.30-a0-422-g946f4849ff (webtiles) character file.

Game seed: 12739325693608733886

14743 retardedninja the Severer (level 12, -1/112 HPs)
             Began as a Hill Orc Fighter on Dec 8, 2022.
             Was an Initiate of Gozag.
             Slain by a komodo dragon (10 damage)
             ... on level 3 of the Lair of Beasts.
             The game lasted 00:17:23 (11258 turns).

retardedninja the Severer (Hill Orc Fighter)       Turns: 11258, Time: 00:17:24

Health: -1/112     AC: 22    Str: 24    XL:     12   Next: 19%
Magic:  12/12      EV: 10    Int:  8    God:    Gozag
Gold:   914        SH:  0    Dex: 21    Spells: 11/11 levels left

rFire   . . .      SeeInvis .    b - +4 battleaxe (vamp)
rCold   x . .      Faith    .    (shield currently unavailable)
rNeg    . . .      Spirit   .    r - +6 scale mail of Zin's Respect {rC- Dex+5}
rPois   .          Reflect  .    (no helmet)
rElec   .          Harm     .    (no cloak)
rCorr   .          Rampage  .    v - +2 pair of gloves
Will    +....                    x - +2 pair of boots
Stlth   ..........               l - amulet of regeneration
HPRegen 1.18/turn                p - +6 ring of dexterity
MPRegen 0.13/turn                i - ring of willpower

@: on berserk cooldown, flying
A: no striking features
a: Renounce Religion, Potion Petition, Call Merchant, Bribe Branch


You were on level 3 of the Lair of Beasts.
You worshipped Gozag.
Gozag was pleased with you.
You visited 3 branches of the dungeon, and saw 12 of its levels.

You collected 1647 gold pieces.
You paid 733 gold pieces to Gozag.

Inventory:

Hand Weapons
 b - a +4 vampiric battleaxe (weapon)
Missiles
 a - 2 throwing nets (quivered)
Armour
 r - the +6 scale mail of Zin's Respect (worn) {rC- Dex+5}
   (You found it on level 4 of the Dungeon)

   Dex:       It affects your dexterity (+5).
   rC:        It makes you vulnerable to cold.
 v - a +2 pair of gloves (worn)
 x - a +2 pair of boots (worn)
Jewellery
 i - a ring of willpower (right hand)
 l - an amulet of regeneration (around neck)
 p - a +6 ring of dexterity (left hand)
Wands
 g - a wand of flame (16)
 o - a wand of iceblast (4)
 u - a wand of acid (6)
 A - a wand of digging (4)
Scrolls
 k - a scroll of amnesia
 n - 2 scrolls of silence
 q - a scroll of identify
 w - a scroll of fear
Potions
 c - a potion of invisibility {unknown}
 d - a potion of attraction
 e - 8 potions of curing
 f - 3 potions of lignification
 s - a potion of flight
 t - 3 potions of brilliance


   Skills:
 + Level 12.1 Fighting
 * Level 16.6 Axes
 + Level 11.2 Armour
 - Level 6.5 Shields


You had 11 spell levels left.
You didn't know any spells.
Your spell library contained the following spells:

 Spells                   Type           Power      Damage    Failure   Level
 Call Canine Familiar     Summ           0%         N/A       95%         3
 Inner Flame              Hex/Fire       0%         N/A       95%         3
 Portal Projectile        Hex/Tloc       0%         N/A       95%         3
 Anguish                  Hex/Necr       0%         N/A       100%        4
 Cause Fear               Hex            0%         N/A       100%        4
 Leda's Liquefaction      Hex/Erth       0%         N/A       100%        4
 Enfeeble                 Hex            0%         N/A       100%        7
 Discord                  Hex            0%         N/A       100%        8


Dungeon Overview and Level Annotations

Branches:
Dungeon (8/15)             Temple (1/1) D:7            Lair (3/5) D:8
  Swamp: Lair:2-3    Shoals: Lair:2-3     Snake: Lair:2-3    Spider: Lair:2-3

Altars:
Ashenzari
Cheibriados
Dithmenos
Fedhas
Gozag
Hepliaklqana
Kikubaaqudgha
Makhleb
Nemelex Xobeh
Okawaru
Qazlal
Ru
Sif Muna
Trog
Uskayaw
Vehumet
Wu Jian
Zin
The Shining One
Jiyva

Annotations:
Lair:1 3 runed translucent doors, Cecaju's ghost, journeyman OgCA


Message History

Unknown command.
Unknown command.
You slash the catoblepas!
You feel better.
The catoblepas is moderately wounded.
You are engulfed in calcifying dust.
The catoblepas gores you!
* * * LOW HITPOINT WARNING * * *
Your limbs are stiffening.
You hit the catoblepas but do no damage.
The catoblepas is moderately wounded.
You are engulfed in calcifying dust.
Your limbs have turned to stone.
The catoblepas breathes a plume of calcifying dust at you.
The blast of calcifying dust hits you but does no damage.
You have turned to stone.
The catoblepas gores you!!
* * * LOW HITPOINT WARNING * * *
The catoblepas gores you.
* * * LOW HITPOINT WARNING * * *
The catoblepas breathes a plume of calcifying dust at you.
The blast of calcifying dust hits you but does no damage.
You are engulfed in calcifying dust.
The catoblepas gores you but does no damage.
You are engulfed in calcifying dust.
The catoblepas gores you!
* * * LOW HITPOINT WARNING * * *
The komodo dragon bites you!!
* * * LOW HITPOINT WARNING * * *
You are engulfed in calcifying dust.
The catoblepas gores you but does no damage.
The komodo dragon bites you but does no damage.
The catoblepas gores you but does no damage.
The komodo dragon bites you but does no damage.
The catoblepas gores you!
* * * LOW HITPOINT WARNING * * *
The komodo dragon bites you!
* * * LOW HITPOINT WARNING * * *
You turn to flesh and can move again.
You feel better. The catoblepas gores you.
* * * LOW HITPOINT WARNING * * *
The komodo dragon bites you!
You die...
Your body crumbles into a pile of gold.

..... $ #.....
.........###
.......>..........P..###
........................
...........?............
...... .................
...... #..... .....#.P#
.....###P.#.# ##Y....#
##....##P.#.###.@l..##.
##.............=$(......
......#......#......##..
##...##.......#.....P#
##....#................
#..........).#......##..
.#.....♣♣.#..P.#....# #
#♣.♣♣♣♣♣♣♣♣..........#
♣♣♣♣ ♣♣♣♣♣♣......


You could see a catoblepas and a komodo dragon.

Vanquished Creatures
  Rupert (Lair:3)
  A hydra (Lair:2)
  A deep troll (Lair:2)
  An oklob plant (Lair:1)
  6 cane toads
  A rime drake (Lair:1)
  A polar bear (Lair:3)
  8 blink frogs
  A shadow (D:8)
  2 wyverns
  23 yaks
  A fire elemental (Lair:1)
  A steam dragon (D:7)
  2 wargs
  8 water moccasins
  3 ice beasts
  2 black bears
  An orc warrior (D:8)
  A centaur (D:8)
  5 bullfrogs
  2 necrophages
  4 scorpions
  10 wights
  An oklob sapling (D:7)
  8 orc priests
  5 hounds
  A jelly (D:7)
  A gnoll bouda (D:8)
  Jessica (D:3)
  4 iguanas
  15 orc wizards
  4 hell rats (Lair:1)
  20 gnolls
  7 adders
  A shadow imp (D:5)
  2 white imps (D:6)
  An ufetubus (D:6)
  A dart slug (D:2)
  27 orcs
  6 endoplasms
  A giant cockroach (D:2)
  6 goblins
  5 hobgoblins
  2 jackals (D:3)
  2 quokkas
  6 ball pythons
  2 bats
  A frilled lizard (D:1)
  9 kobolds
  5 rats
230 creatures vanquished.

Vanquished Creatures (collateral kills)
  A phantom (D:5)
  A gnoll (D:5)
2 creatures vanquished.

Vanquished Creatures (others)
  8 fungi
  21 plants
29 creatures vanquished.

Grand Total: 261 creatures vanquished

Notes
Turn   | Place    | Note
-------+----------+-------------------------------------------
     0 | D:1      | retardedninja the Hill Orc Fighter began the quest for the
                  | Orb.
     0 | D:1      | Reached XP level 1. HP: 19/19 MP: 1/1
   177 | D:1      | Reached XP level 2. HP: 19/27 MP: 2/2
   216 | D:1      | Reached skill level 3 in Axes
   811 | D:2      | Reached XP level 3. HP: 33/33 MP: 3/3
  1033 | D:1      | Reached XP level 4. HP: 17/40 MP: 4/4
  1627 | D:2      | Reached skill level 4 in Axes
  2183 | D:3      | Reached XP level 5. HP: 46/47 MP: 5/5
  2546 | D:3      | Noticed Jessica
  2555 | D:3      | Killed Jessica
  2717 | D:4      | Reached XP level 6. HP: 41/55 MP: 6/6
  3106 | D:4      | Reached skill level 5 in Fighting
  3178 | D:4      | Identified the +6 scale mail of Zin's Respect {rC- Dex+5}
  3442 | D:4      | Found an ornate altar of the Wu Jian Council.
  3503 | D:4      | Reached skill level 5 in Axes
  3704 | D:5      | Entered Level 5 of the Dungeon
  3795 | D:5      | Reached skill level 5 in Armour
  3795 | D:5      | Reached skill level 5 in Shields
  3795 | D:5      | Reached XP level 7. HP: 61/61 MP: 7/7
  3992 | D:5      | Found a glowing golden altar of the Shining One.
  4088 | D:5      | Reached skill level 6 in Axes
  4602 | D:6      | Reached XP level 8. HP: 70/70 MP: 8/8
  5561 | D:6      | Reached skill level 7 in Axes
  5997 | D:6      | Found a burning altar of Makhleb.
  6004 | D:6      | Reached skill level 8 in Axes
  6035 | D:6      | Reached XP level 9. HP: 78/79 MP: 9/9
  6546 | D:7      | Found a staircase to the Ecumenical Temple.
  6809 | Temple   | Entered the Ecumenical Temple
  6816 | Temple   | Became a worshipper of Gozag Ym Sagoz the Greedy
  6852 | D:7      | Reached skill level 9 in Axes
  7390 | D:7      | Reached skill level 10 in Axes
  7710 | D:8      | Found a shadowy altar of Dithmenos.
  8115 | D:8      | Reached skill level 11 in Axes
  8120 | D:8      | Reached XP level 10. HP: 79/90 MP: 10/10
  8145 | D:8      | Found a staircase to the Lair.
  8399 | D:8      | Reached skill level 12 in Axes
  8554 | Lair:1   | Entered Level 1 of the Lair of Beasts
  8577 | Lair:1   | Noticed a cane toad
  8591 | Lair:1   | Killed a cane toad
  8957 | Lair:1   | Found a bloodstained altar of Trog.
  8957 | Lair:1   | Noticed an oklob plant
  8979 | Lair:1   | Reached skill level 13 in Axes
  9002 | Lair:1   | Killed an oklob plant
  9003 | Lair:1   | Reached skill level 10 in Fighting
  9035 | Lair:1   | Found a runed translucent gate.
  9056 | Lair:1   | Found a runed translucent gate.
  9056 | Lair:1   | Found a runed translucent gate.
  9056 | Lair:1   | Found a viscous altar of Jiyva.
  9056 | Lair:1   | Noticed Cecaju's ghost (journeyman OgCA)
  9056 | Lair:1   | Noticed a great orb of eyes
  9124 | Lair:1   | Reached XP level 11. HP: 78/101 MP: 11/11
  9207 | Lair:1   | Reached skill level 14 in Axes
 10065 | Lair:2   | Reached skill level 10 in Armour
 10312 | Lair:2   | Reached skill level 15 in Axes
 10370 | Lair:2   | Noticed a seven-headed hydra
 10379 | Lair:2   | Killed a 13-headed hydra
 11017 | Lair:2   | Noticed a deep troll
 11031 | Lair:2   | Killed a deep troll
 11096 | Lair:3   | Reached skill level 16 in Axes
 11168 | Lair:3   | Reached XP level 12. HP: 110/112 MP: 12/12
 11206 | Lair:3   | Noticed Rupert
 11210 | Lair:3   | Noticed a catoblepas
 11223 | Lair:3   | Killed Rupert
 11257 | Lair:3   | HP: 2/112 [komodo dragon (7)]
 11258 | Lair:3   | Slain by a komodo dragon

Illustrated notes

Levels and vault maps discovered:
D:1:      mrwooster_arrival_statue_3, layout_loops_cross, minmay_misc_feat_chi
D:2:      layout_rooms, guppyfry_early_orc_mine
D:3:      layout_loops_cross, uniq_jessica
D:4:      layout_loops_ring, nzn_wu_jian_council_hall,
          kennysheep_cross_bottleneck
D:5:      layout_basic, nicolae_tso_carved_into_rock
D:6:      layout_cave_pods, makhleb_heckhound_becter
D:7:      layout_basic, minmay_temple_entry_oklob, minivault_11
D:8:      layout_rooms, grunt_dithmenos_smoke, erik_lair_orcish_takeover
Temple:   nicolae_temple_no_exploring_needed
Lair:1:   layout_gridlike, gammafunk_ghost_ooze, lemuel_oklob_altar
Lair:2:   dreamdust_cave_troll, layout_chaotic_city
Lair:3:   layout_regular_city, nicolae_swamp_entry_splash_gauntlet,
          nicolae_spider_entry_non_spiders, nicolae_lair_lakeside_cave,
          lemuel_fruit_tree, uniq_rupert, uniq_nessos

Skill      XL: |  1  2  3  4  5  6  7  8  9 10 11 12 |
---------------+-------------------------------------+-----
Axes           | 3 4 5 6 8 11 13 16 | 16.6
Fighting       | 4 5 6 7 8 10 11 12 | 12.1
Shields        | 4 5 6 |  6.5
Armour         | 4 5 6 8 9 10 11 | 11.2

Action                   |  1- 3 |  4- 6 |  7- 9 | 10-12 || total
-------------------------+-------+-------+-------+-------++-------
Melee: War axe           |    77 |   135 |   150 |       ||   362
       Battleaxe         |       |       |   125 |   254 ||   379
Invok: Potion Petition   |       |       |       |     2 ||     2
  Use: Scroll            |     5 |     3 |     3 |    10 ||    21
       Potion            |       |     1 |     2 |     7 ||    10
 Stab: Distracted        |       |       |     1 |     2 ||     3
       Petrifying        |       |       |       |     1 ||     1
       Petrified         |       |       |       |     1 ||     1
Armor: Scale mail        |    49 |    57 |   170 |   166 ||   442
Dodge: Dodged            |    47 |    75 |   158 |   125 ||   405
Block: Buckler           |    22 |    35 |    55 |       ||   112

Table legend: (Time is in decaauts)
 A = Elapsed time spent in this place.
 B = Non-inter-level travel time spent in this place.
 C = Inter-level travel time spent in this place.
 D = Time resting spent in this place.
 E = Time spent auto-exploring this place.
 F = Levels seen in this place.
 G = Mean time per level.
                   A        B        C        D        E       F      G
               +--------+--------+--------+--------+--------+-----+--------+
         Total |  11412 |  11153 |    259 |   3253 |   6117 |  12 |  951.0 |
       Dungeon |   8683 |   8491 |    192 |   2601 |   4522 |   8 | 1085.4 |
        Temple |     14 |      2 |     12 |      0 |      0 |   1 |   14.0 |
          Lair |   2714 |   2659 |     55 |    652 |   1595 |   3 |  904.7 |
               +--------+--------+--------+--------+--------+-----+--------+

Top non-repeatable levels by time:
     D:6: 1949 daAuts
  Lair:1: 1381 daAuts
     D:7: 1329 daAuts
     D:1: 1323 daAuts
  Lair:2: 1125 daAuts
     D:4: 1015 daAuts
     D:5: 911 daAuts
     D:3: 735 daAuts
     D:8: 715 daAuts
     D:2: 704 daAuts
  Lair:3: 207 daAuts
  Temple: 14 daAuts
